 Dungeon Crawl Stone Soup version 0.23-a0-305-g7ffd15e (webtiles) character file.

12460 MisterFreud the Grappler (level 11, -6/105 HPs)
             Began as a Troll Monk on Oct 9, 2018.
             Was an Elder of Cheibriados.
             Hit by a large rock thrown by a cyclops (37 damage)
             ... on level 11 of the Dungeon.
             The game lasted 00:21:34 (8301 turns).

MisterFreud the Grappler (Troll Monk)               Turns: 8301, Time: 00:21:35

Health: -6/105     AC:  5    Str: 31    XL:     11   Next: 62%
Magic:  12/12      EV: 16    Int: 19    God:    Cheibriados [****..]
Gold:   548        SH:  0    Dex: 22    Spells: 10/10 levels left

rFire    + . .     SeeInvis .     - Unarmed
rCold    x . .     Gourm    +   (no shield)
rNeg     . . .     Faith    .   C - +0 robe {MR+}
rPois    .         Spirit   .   (helmet restricted)
rElec    .         Reflect  .   (no cloak)
rCorr    +         Harm     .   (gloves unavailable)
MR       +....                  (boots unavailable)
Stlth    ++........             g - amulet of regeneration
HPRegen  1.07/turn              H - ring of resist corrosion
MPRegen  0.13/turn              v - ring of fire

@: very slow
A: large, unfitting armour, claws 3, fast metabolism 3, gourmand, regeneration
1, shaggy fur 1, tough skin 2
a: Bend Time, Temporal Distortion, Slouch, Renounce Religion


You were on level 11 of the Dungeon.
You worshipped Cheibriados.
Cheibriados was greatly pleased with you.
You were completely stuffed.

You visited 2 branches of the dungeon, and saw 12 of its levels.

You collected 548 gold pieces.

Inventory:

Missiles
 e - 281 stones (quivered)
 r - 6 javelins of penetration
 s - 10 tomahawks
Armour
 a - a +1 robe
 o - the +1 large shield of Loj Uwur {-Tele rElec Int+2 Dex+2}
   (You found it on level 4 of the Dungeon)

   It affects your intelligence (+2).
   It affects your dexterity (+2).
   It insulates you from electricity.
   It prevents most forms of teleportation.
 C - a +0 robe of magic resistance (worn)
Jewellery
 f - an uncursed amulet of harm {unknown}
 g - an amulet of regeneration (around neck)
 v - a ring of fire (right claw)
 H - a ring of resist corrosion (left claw)
Wands
 k - a wand of enslavement (6)
 n - a wand of clouds (6)
 x - a wand of iceblast (11)
 A - a wand of polymorph (15)
 G - a wand of disintegration (14)
Scrolls
 d - 2 scrolls of remove curse
 i - 4 scrolls of teleportation
 j - 4 scrolls of fear
 p - 2 scrolls of magic mapping
 q - 2 scrolls of amnesia
 u - a scroll of enchant armour
 w - 2 scrolls of blinking {unknown}
 y - 2 scrolls of identify
Potions
 c - 2 potions of cancellation
 h - 3 potions of brilliance
 l - a potion of agility
 m - a potion of flight
 t - a potion of might {unknown}
 z - a potion of heal wounds {unknown}
 B - a potion of haste {unknown}
 D - 6 potions of mutation
 F - a potion of resistance {unknown}
Comestibles
 b - 17 rations
 E - 6 chunks of flesh


   Skills:
 - Level 6.0 Fighting
 + Level 7.4 Throwing
 + Level 7.1 Dodging
 - Level 1.0 Stealth
 - Level 4.8 Shields
 - Level 12.2 Unarmed Combat
 * Level 1.0 Invocations
 + Level 3.0 Evocations


You had 10 spell levels left.
You didn't know any spells.
Your spell library contained the following spells:

 Spells                   Type           Power        Failure   Level  Hunger
 Corona                   Hex            #......      21%         1    ##.....
 Ensorcelled Hibernation  Hex/Ice        #.....       30%         2    ###....
 Confuse                  Hex            #.......     52%         3    ####...
 Dazzling Spray           Conj/Hex       #.....       52%         3    ####...
 Tukima's Dance           Hex            #.......     52%         3    ####...


Dungeon Overview and Level Annotations

Branches:
Dungeon (11/15)            Temple (1/1) D:6            Lair (0/6) D:9
    Orc: D:9-12

Altars:
Ashenzari
Cheibriados
Dithmenos
Elyvilon
Fedhas
Gozag
Hepliaklqana
Kikubaaqudgha
Makhleb
Nemelex Xobeh
Okawaru
Qazlal
Ru
Sif Muna
Trog
Uskayaw
Vehumet
Wu Jian
Xom
Yredelemnul
Zin
The Shining One

Portals:
Labyrinth: D:11


Innate Abilities, Weirdness & Mutations

You are too large for most types of armour.
You have claws for hands.
Your metabolism is lightning-fast.
You like to eat raw meat.
Your natural rate of healing is unusually fast.
You are covered in fur. (AC +1)
You have very tough skin. (AC +2)


Message History

An orc wizard comes into view. It is wielding a dagger.
The orc priest closely misses you.
The hippogriff moves out of view.
You see here an arrow.
You scratch the orc priest.
The orc priest is moderately wounded.
The centaur warrior shoots an arrow.
The arrow hits you.
* * * LOW HITPOINT WARNING * * *
A cyclops comes into view.
You scratch the orc priest but do no damage.
You claw the orc priest!
The orc priest is severely wounded.
The orc priest closely misses you.
The centaur warrior unwields an uncursed shortbow.
The centaur warrior completely misses you.
You completely miss the orc priest.
The orc priest is severely wounded.
The orc wizard casts a spell.
The orc wizard seems to speed up.
The orc priest barely misses you.
The cyclops throws a large rock.
The large rock hits you!!!
You die...

#..# #.# ##.# #.#
##.#####.#
#........#
#.#.####.#
#.#)..<#.#
#.#......#
###.##(###.###.#.
#.....)oc@o..o...
#.#.###.##.###..#
# #... ...
...#.#.#.# ####
.c.#.# ..}. #
#.C# ..#


You could see a centaur warrior, a cyclops, an orc priest and 2 orc wizards.

Vanquished Creatures
  A catoblepas (D:10)
  The ghost of Petrovich the Thaumaturge, a novice DEFE of Vehumet (D:8)
  A deep elf mage (D:10)
  Joseph (D:7)
  Maurice (D:10)
  A troll (D:11)
  A hornet (D:8)
  3 hippogriffs
  Sigmund (D:5)
  A shadow (D:8)
  4 yaks (D:10)
  A vampire (D:11)
  A wyvern (D:10)
  3 humans (D:6)
  Edmund (D:4)
  A soldier ant (D:10)
  4 ice beasts
  2 sky beasts
  The ghost of DapperDogman the Skirmisher, an amateur HOFi (D:4)
  An orc warrior (D:8)
  3 phantoms
  A black bear (D:10)
  3 ogres
  2 centaurs
  4 big kobolds
  3 bullfrogs
  9 killer bees
  5 wights (D:9)
  3 howler monkeys (D:8)
  8 crimson imps
  A quasit (D:5)
  4 jellies
  4 orc priests
  6 hounds
  2 iguanas
  14 orc wizards
  8 worker ants
  2 centaur simulacra (D:8)
  A gnoll (D:1)
  A howler monkey skeleton (D:4)
  8 adders
  A shadow imp (D:11)
  3 white imps
  An ooze (D:4)
  2 adder skeletons (D:4)
  A worm (D:2)
  2 dart slugs
  An adder simulacrum (D:8)
  6 leopard geckos
  23 orcs
  2 ball pythons
  13 bats
  5 giant cockroaches
  5 goblins
  3 hobgoblins (D:1)
  9 jackals
  30 kobolds
  2 quokkas
  4 frilled lizards (D:2)
  A jackal skeleton (D:7)
  A leopard gecko simulacrum (D:8)
  A quokka skeleton (D:4)
  22 rats
261 creatures vanquished.

Vanquished Creatures (others)
  A human (D:3)
  2 fungi (D:4)
  2 plants (D:4)
5 creatures vanquished.

Grand Total: 266 creatures vanquished

Notes
Turn   | Place    | Note
-------+----------+-------------------------------------------
     0 | D:1      | MisterFreud the Troll Monk began the quest for the Orb.
     0 | D:1      | Reached XP level 1. HP: 22/22 MP: 0/0
    90 | D:1      | Reached XP level 2. HP: 6/29 MP: 1/1
   213 | D:1      | Reached skill level 4 in Unarmed Combat
   714 | D:2      | Reached XP level 3. HP: 36/36 MP: 2/2
   986 | D:2      | Reached skill level 5 in Unarmed Combat
   986 | D:2      | Reached XP level 4. HP: 44/44 MP: 3/3
  1098 | D:2      | Found a stormy altar of Qazlal.
  1985 | D:3      | Found an ancient bone altar of Kikubaaqudgha.
  1988 | D:3      | Noticed a human
  1994 | D:3      | Killed a human
  2187 | D:4      | Reached XP level 5. HP: 34/50 MP: 4/4
  2204 | D:4      | Reached skill level 6 in Unarmed Combat
  2245 | D:4      | Noticed a phantom
  2251 | D:4      | Killed a phantom
  2251 | D:4      | Reached XP level 6. HP: 59/59 MP: 5/5
  2270 | D:4      | Found a runed gate.
  2273 | D:4      | Found a runed gate.
  2273 | D:4      | Found a runed gate.
  2275 | D:4      | Noticed DapperDogman's ghost (amateur HOFi)
  2369 | D:4      | Reached skill level 7 in Unarmed Combat
  2452 | D:4      | Noticed Edmund
  2462 | D:4      | Killed Edmund
  2536 | D:4      | Reached skill level 8 in Unarmed Combat
  2536 | D:4      | Reached XP level 7. HP: 60/66 MP: 6/6
  2707 | D:4      | Found a sacrificial altar of Ru.
  2714 | D:4      | Found a sparkling altar of Nemelex Xobeh.
  2793 | D:4      | Reached skill level 1 in Throwing
  2825 | D:4      | Got a twisted large shield
  2833 | D:4      | Identified the +1 large shield of Loj Uwur {-Tele rElec
                  | Int+2 Dex+2} (You found it on level 4 of the Dungeon)
  2937 | D:4      | Killed DapperDogman's ghost
  2998 | D:5      | Entered Level 5 of the Dungeon
  3184 | D:5      | Reached XP level 8. HP: 61/74 MP: 7/7
  3318 | D:5      | Reached skill level 9 in Unarmed Combat
  3516 | D:5      | Noticed Sigmund
  3524 | D:5      | Killed Sigmund
  3659 | D:6      | Found a staircase to the Ecumenical Temple.
  3671 | Temple   | Entered the Ecumenical Temple
  3792 | D:6      | Reached skill level 10 in Unarmed Combat
  3804 | D:6      | Reached skill level 5 in Throwing
  3976 | D:6      | Reached XP level 9. HP: 52/80 MP: 8/8
  4937 | D:7      | Noticed Joseph
  4950 | D:7      | Killed Joseph
  4950 | D:7      | Reached skill level 5 in Dodging
  5106 | D:7      | Found a shimmering altar of Xom.
  5108 | D:7      | Found an iron altar of Okawaru.
  5127 | D:7      | Found a snail-covered altar of Cheibriados.
  5146 | D:7      | Became a worshipper of Cheibriados the Contemplative
  5146 | D:7      | Reached * piety under Cheibriados
  5146 | D:7      | Reached ** piety under Cheibriados
  5693 | D:7      | Reached skill level 5 in Fighting
  5693 | D:7      | Reached skill level 11 in Unarmed Combat
  5693 | D:7      | Reached XP level 10. HP: 97/97 MP: 9/9
  5829 | D:8      | Paralysed by a hornet for 1 turns
  5831 | D:8      | Paralysed by a hornet for 3 turns
  5966 | D:8      | Found a runed gate.
  5966 | D:8      | Found a runed gate.
  5967 | D:8      | Found a runed gate.
  6097 | D:8      | Noticed Petrovich's ghost (novice DEFE)
  6190 | D:8      | Reached XP level 11. HP: 94/105 MP: 10/10
  6194 | D:8      | Killed Petrovich's ghost
  6194 | D:8      | Reached skill level 12 in Unarmed Combat
  6222 | D:8      | Reached *** piety under Cheibriados
  6231 | D:8      | Got a slimy granite ring
  6232 | D:8      | Identified the ring "Hozam" {Ice *Drain rElec MP-9 Dex+8}
                  | (You found it on level 8 of the Dungeon)
  6713 | D:9      | Reached skill level 1 in Evocations
  6815 | D:9      | Found a staircase to the Lair.
  6948 | D:10     | Entered Level 10 of the Dungeon
  6993 | D:10     | Noticed a catoblepas
  7013 | D:10     | Killed a catoblepas
  7098 | D:10     | Reached **** piety under Cheibriados
  7831 | D:10     | Noticed a deep elf mage
  7839 | D:10     | Killed a deep elf mage
  7891 | D:10     | Noticed Maurice
  7897 | D:10     | Killed Maurice
  8210 | D:11     | Found a labyrinth entrance.
  8287 | D:11     | Reached skill level 1 in Invocations
  8291 | D:11     | Noticed a centaur warrior
  8301 | D:11     | Hit by a large rock thrown by a cyclops

Vault maps used:
D:1:      co_arrival_hall_of_pillars, minmay_misc_feat_alley,
          minmay_pentomino_w2
D:2:      nicolae_qazlal_general_emergency, first_ration, serial_forest,
          infiniplex_forest_lined_ring, infiniplex_forest_end_1,
          infiniplex_forest_split, infiniplex_forest_straight_3,
          infiniplex_forest_straight_2, st_stairs_2, minmay_rat_hole
D:3:      tgw_kikubaaqudgha
D:4:      minitemple, gammafunk_ghost_nasty_kobolds, minmay_fire_ice_demons,
          uniq_edmund
D:5:      hex_medium, uniq_sigmund
D:6:      minmay_temple_entry_butterflies, minmay_ruffians
D:7:      lemuel_doored_altar, chequers_temple_overflow_statue_of_worship,
          hangedman_glass_teeth, uniq_joseph
D:8:      gammafunk_ghost_icy
D:9:      dpeg_oklobed_lair
D:10:     uniq_maurice
D:11:     lab_entry_generic
Temple:   lightli_temple_of_artemis

Skill      XL: |  1  2  3  4  5  6  7  8  9 10 11 |
---------------+----------------------------------+-----
Unarmed Combat | 4 5 6 8 10 11 12 | 12.2
Throwing       | 4 6 7 |  7.4
Dodging        | 6 7 |  7.1
Fighting       | 5 6 |  6.0
Shields        | 4 |  4.8
Evocations     | 3 |  3.0
Invocations    | 1 |  1.0
Stealth        | |  1.0

Action                   |  1- 3 |  4- 6 |  7- 9 | 10-12 || total
-------------------------+-------+-------+-------+-------++-------
Melee: Unarmed           |    98 |   122 |   249 |   287 ||   756
       Punch             |       |     4 |     9 |    20 ||    33
  Use: Scroll            |     3 |    10 |     3 |     1 ||    17
       Potion            |     1 |     1 |     1 |     1 ||     4
 Stab: Sleeping          |     3 |     4 |       |     1 ||     8
  Eat: Chunk             |    15 |    14 |    20 |    23 ||    72
Armor: Robe              |    36 |    63 |    73 |    68 ||   240
       Skin              |     2 |       |       |       ||     2
Dodge: Dodged            |    51 |    72 |   118 |   208 ||   449

Table legend:
 A = Non-vault XP
 B = Vault XP
 C = Vault XP percentage of total XP
 D = Non-vault monster count
 E = Vault monster count
 F = Vault count percentage of total count
                 A         B        C        D         E       F
            +---------+---------+-------+---------+---------+-------
      Total |    9985 |    3301 |  24.8 |     212 |      49 |  18.8
            +---------+---------+-------+---------+---------+-------
        D:1 |      38 |       2 |   5.0 |      14 |       1 |   6.7
        D:2 |      79 |      23 |  22.5 |      23 |      21 |  47.7
        D:3 |      18 |       0 |   0.0 |      11 |       0 |   0.0
        D:4 |     445 |     457 |  50.7 |      20 |      12 |  37.5
        D:5 |     767 |     231 |  23.1 |      23 |       1 |   4.2
        D:6 |     662 |     581 |  46.7 |      16 |       3 |  15.8
        D:7 |     819 |     471 |  36.5 |      14 |       1 |   6.7
        D:8 |    1688 |    1087 |  39.2 |      27 |       9 |  25.0
        D:9 |    1383 |       0 |   0.0 |      22 |       0 |   0.0
       D:10 |    3277 |     449 |  12.1 |      33 |       1 |   2.9
       D:11 |     809 |       0 |   0.0 |       9 |       0 |   0.0
            +---------+---------+-------+---------+---------+-------
